 Dungeon Crawl Stone Soup version 0.28.0-43-g3370ac3207 (webtiles) character file.

Game seed: 10895869942004313613

231 issech the Cudgeller (level 5, -4/53 HPs)
             Began as a Troll Monk on Mar 14, 2022.
             Slain by a water moccasin (5 damage)
             ... on level 3 of the Dungeon.
             The game lasted 00:06:28 (1449 turns).

issech the Cudgeller (Troll Monk)                   Turns: 1449, Time: 00:06:29

Health: -4/53      AC: 11    Str: 19    XL:     5   Next: 72%
Magic:  4/4        EV:  8    Int:  6    God:
Gold:   144        SH:  0    Dex: 14    Spells: 4/4 levels left

rFire   x . .      SeeInvis .   a - +0 mace
rCold   + + .      Faith    .   (no shield)
rNeg    . . .      Spirit   .   n - +0 ice dragon scales
rPois   .          Reflect  .   (helmet restricted)
rElec   .          Harm     .   (no cloak)
rCorr   .          Rampage  .   (gloves unavailable)
Will    .....                   (boots unavailable)
Stlth   ..........              (no amulet)
HPRegen 0.97/turn               (no ring)
MPRegen 0.09/turn               (no ring)

@: lethally poisoned (-4 -> -5)
A: large, unfitting armour, claws 3, regeneration 1, shaggy fur 1, tough skin 1
a: no special abilities


You were on level 3 of the Dungeon.
You visited 1 branch of the dungeon, and saw 3 of its levels.

You collected 144 gold pieces.

Inventory:

Hand Weapons
 a - a +0 mace (weapon)
 l - a +0 falchion of holy wrath
Missiles
 e - 53 stones (quivered)
 g - 19 arrows
 m - 10 sling bullets
Armour
 b - a +0 robe
 n - +0 ice dragon scales (worn)
Scrolls
 c - a scroll of fear {unknown}
 d - 3 scrolls of teleportation {unknown}
 f - 3 scrolls of identify {unknown}
 h - 2 scrolls of blinking {unknown}
 j - a scroll of enchant armour {unknown}
 k - a scroll of magic mapping {unknown}
Potions
 i - 2 potions of brilliance {unknown}


   Skills:
 + Level 3.2 Fighting
 + Level 4.6 Maces & Flails
 + Level 0.1 Throwing
 + Level 3.3 Dodging
 + Level 1.2 Stealth


You had 4 spell levels left.
You didn't know any spells.
Your spell library contained the following spells:

 Spells                   Type           Power      Damage    Failure   Level
 Beastly Appendage        Tmut           0%         N/A       90%         1
 Wereblood                Tmut           0%         N/A       97%         2
 Spider Form              Tmut/Pois      0%         N/A       99%         3


Dungeon Overview and Level Annotations

Branches:
Dungeon (3/15)

Altars:


Innate Abilities, Weirdness & Mutations

You are too large for most types of armour.
You have claws for hands.
Your natural rate of healing is unusually fast.
You are covered in fur. (AC +1)
You have tough skin. (AC +1)


Message History

The water moccasin bites you but does no damage.
You miss the water moccasin.
The water moccasin is heavily wounded.
You feel sick. The water moccasin closely misses you.
You closely miss the water moccasin.
The water moccasin is heavily wounded.
You feel sick.
The water moccasin bites you but does no damage. x2
You feel sick.
You feel sick.
The water moccasin bites you but does no damage.
You miss the water moccasin.
The water moccasin is heavily wounded.
You feel sick. The water moccasin bites you.
You feel sick.
You are no longer poisoned.
The water moccasin barely misses you.
The water moccasin bites you but does no damage.
The water moccasin bites you! The water moccasin closely misses you.
The water moccasin bites you!
You are poisoned.
The water moccasin poisons you!
You feel very sick.
There is a stone staircase leading up here.
You hit the water moccasin.
The water moccasin is severely wounded.
You feel very sick. The water moccasin barely misses you.
The water moccasin bites you but does no damage.
You closely miss the water moccasin.
The water moccasin is heavily wounded.
You feel very sick. The water moccasin closely misses you.
You barely miss the water moccasin.
The water moccasin is heavily wounded.
You feel sick. The water moccasin bites you!
* * * LOW HITPOINT WARNING * * *
The water moccasin bites you.
You die...

#.#####.###.#
>........#.## #
.########........# [#
.................####.#
###########.#.##.##...
###.##.##.#
#.##....###.###
#.#####........
#..S@...###.###
#########


You could see a water moccasin.

Vanquished Creatures
  Sigmund (D:2)
  Terence (D:2)
  An adder (D:2)
  2 dart slugs (D:1)
  3 ball pythons
  5 bats (D:1)
  2 endoplasms
  5 giant cockroaches
  4 goblins
  A hobgoblin (D:2)
  2 jackals (D:2)
  2 quokkas (D:2)
  3 frilled lizards (D:2)
  5 kobolds
  4 rats
41 creatures vanquished.

Vanquished Creatures (others)
  4 toadstools (D:1)
4 creatures vanquished.

Grand Total: 45 creatures vanquished

Notes
Turn   | Place    | Note
-------+----------+-------------------------------------------
     0 | D:1      | issech the Troll Monk began the quest for the Orb.
     0 | D:1      | Reached XP level 1. HP: 22/22 MP: 0/0
   185 | D:1      | Reached skill level 3 in Maces & Flails
   185 | D:1      | Reached XP level 2. HP: 28/29 MP: 1/1
   692 | D:2      | Reached XP level 3. HP: 36/36 MP: 2/2
   768 | D:2      | Noticed Sigmund
   799 | D:2      | Killed Sigmund
   800 | D:2      | Reached skill level 4 in Maces & Flails
   800 | D:2      | Reached XP level 4. HP: 22/45 MP: 3/3
   800 | D:2      | Reached XP level 5. HP: 26/53 MP: 4/4
  1187 | D:2      | Noticed Terence
  1211 | D:2      | Killed Terence
  1417 | D:3      | Noticed a water moccasin
  1449 | D:3      | HP: 1/53 [water moccasin (7)]
  1449 | D:3      | Slain by a water moccasin

Illustrated notes

Levels and vault maps discovered:
D:1:      ldierk_walled_garden_2, layout_rooms
D:2:      layout_loops_cross, uniq_sigmund, uniq_terence
D:3:      layout_loops_ring, serial_shops, nicolae_shop_stone,
          serial_bayou_pond_c, small_statue_intersection

Skill      XL: |  1  2  3 |
---------------+----------+-----
Maces & Flails | 3 4 |  4.6
Fighting       | 3 |  3.2
Dodging        | 3 |  3.3
Throwing       | |  0.1
Stealth        | |  1.2

Action                   |  1- 3 |  4- 6 || total
-------------------------+-------+-------++-------
Melee: Mace              |    59 |    65 ||   124
       Punch             |       |     1 ||     1
Throw: Stone             |     3 |       ||     3
 Stab: Sleeping          |     1 |       ||     1
Armor: Robe              |    32 |    10 ||    42
       Ice dragon scales |       |    14 ||    14
Dodge: Dodged            |    35 |    37 ||    72
